[Event "Late-Titled-Tuesday-Blitz-October-24-2023"]
[Site "Chess.com"]
[Date "2023.10.24"]
[Round "6"]
[White "jcmesafischer"]
[Black "Hoshka"]
[Result "1-0"]
[WhiteElo "2312"]
[BlackElo "2061"]
[TimeControl "180+1"]
[EndTime "15:07:00 PDT"]
[Termination "jcmesafischer won on time"]

1. e4 e5 2. Nf3 Nc6 3. Bc4 Nf6 4. Ng5 d5 5. exd5 Na5 6. Bb5+ c6 7. dxc6 bxc6 8. Bd3 h6 9. Ne4 Nd5 10. O-O Nf4 11. Be2 Be7 12. Nbc3 O-O 13. d4 Nxe2+ 14. Nxe2 f5 15. N4g3 e4 16. Bf4 Nc4 17. b3 Nd6 18. f3 Bf6 19. Be5 e3 20. f4 Ba6 21. Rf3 Bxe5 22.
dxe5 Ne4 23. Nxe4 Qxd1+ 24. Rxd1 Bxe2 25. Rxe3 Bxd1 26. Nd6 Bxc2 27. e6 Be4 28. e7 Rfe8 29.
g4 g6 30. gxf5 gxf5 31. Kf2 Rxe7 32. Nxf5 Re6 33. Nd4 Ree8 34. f5 Bd5 35. Rg3+ Kh7 36. Ne2 Rxe2+ 37. Kxe2 Rf8 38. Ke3 Rxf5 39. Kd4 Rf2 40. a4 Rxh2 41. Re3 a5 42. Re7+ Kg6 43. Ra7 Rb2 44. Rxa5 Rxb3 45. Ra8 h5 46. a5 h4 47. a6 Ra3 48. a7 Kg5 49. Ke5 Kg4 50. Kf6 h3 51. Kg7 h2 52. Rh8 h1=Q 53. Rxh1 Bxh1 54.
Kh8 1-0

[Event "Late-Titled-Tuesday-Blitz-October-24-2023"]
[Site "Chess.com"]
[Date "2023.10.24"]
[Round "6"]
[White "YellowJacek"]
[Black "zajka-molotok"]
[Result "1/2-1/2"]
[WhiteElo "2316"]
[BlackElo "2544"]
[TimeControl "180+1"]
[EndTime "15:07:01 PDT"]
[Termination "Game drawn by repetition"]

1. c4 e5 2. g3 Nf6 3. Bg2 d5 4. cxd5 Nxd5 5. Nc3 Nb6 6. Nf3 Nc6 7. O-O Be7 8. a3 a5 9. d3 O-O 10. Be3 Be6 11.
Na4 Nd5 12. Bc5 b6 13. Bxe7 Qxe7 14. Rc1 Qd6 15. Nd2 Nde7 16. Nc3 Rad8 17. Nb5 Qd7 18. Qc2 Bd5 19. Bxd5 Qxd5 20. Qc4 Qd7 21. Rc2 Qh3 22. Qe4 f5 23. Qg2 Qxg2+ 24. Kxg2 Rd7 25. Rfc1 Rf6 26.
Nf3 h6 27. h4 g6 28. Rc4 Kf8 29. b4 axb4 30. axb4 Ke8 31. Nxc7+ Rxc7 32. b5 Kd8 33. bxc6 b5 34. Rc5 Rfxc6 35. Rxc6 Rxc6 36. Rb1 Rc5 37. d4 exd4 38. Nxd4 Rd5 39. Nxb5 Rd2 40. e3 Nd5 41. Kf3 Nf6 42. Nd4 Ne4 43. Rf1 Ke7 44. Kg2 Kf6 45. Nb3 Rb2 46. Nd4 g5 47. hxg5+ hxg5 48. Nf3 g4 49. Nh4 Kg5 50. Kg1 Nd2 51. Kg2 Ne4 52.
Kg1 Nd2 53. Rd1 Ne4 54. Rf1 1/2-1/2

[Event "Late-Titled-Tuesday-Blitz-October-24-2023"]
[Site "Chess.com"]
[Date "2023.10.24"]
[Round "6"]
[White "Elbebiber"]
[Black "Escudito"]
[Result "1-0"]
[WhiteElo "2147"]
[BlackElo "2464"]
[TimeControl "180+1"]
[EndTime "15:07:01 PDT"]
[Termination "Elbebiber won on time"]

1. f4 Nh6 2. Nf3 g6 3. e3 Bg7 4. Be2 O-O 5. O-O d6 6. d4 c5 7. c3 Nc6 8. dxc5 dxc5 9. Qxd8 Rxd8 10. Rd1 Bf5 11. Na3 e5 12. h3 Rxd1+ 13. Bxd1 Bd3 14. Bb3 b5 15. Bd5 Rc8 16. e4 b4 17. Nc4 Bxc4 18. Bxc4 Na5 19. Bd5 bxc3 20. bxc3 Kf8 21. fxe5 Ng8 22.
Bf4 Ne7 23. c4 Nec6 24. Rb1 Nb4 25. a3 Nd3 26. Bg3 Nc6 27. e6 fxe6 28. Bxe6 Rd8 29.
Bd5 Nd4 30. Nxd4 Bxd4+ 31. Kh2 Rd7 32. Rb8+ Kg7 33. Re8 g5 34. Rg8+ Kh6 35. Re8 Kg7 36. Re6 h5 37. h4 gxh4 38. Bxh4 Be5+ 39. Bg3 Bf4 40. Ra6 h4 41. Bxf4 Nxf4 42. Rc6 Nd3 43. Re6 Rc7 44. Rc6 Re7 45. Ra6 Rc7 46. Ra5 Re7 47. Ra4 Kf6 48. Ra6+ Kg5 49. Rc6 Kg4 50. Rg6+ Kf4 51. Rg8 Ke3 52. Rf8 Kd4 53. Rf3 Ne5 54. Rf5 1-0

[Event "Late-Titled-Tuesday-Blitz-October-24-2023"]
[Site "Chess.com"]
[Date "2023.10.24"]
[Round "6"]
[White "Eternauta2400"]
[Black "The_Straightforward_Rook"]
[Result "1-0"]
[WhiteElo "2726"]
[BlackElo "2573"]
[TimeControl "180+1"]
[EndTime "15:07:06 PDT"]
[Termination "Eternauta2400 won by checkmate"]

1. c4 e5 2. Nc3 Nf6 3. Nf3 e4 4. Ng5 c6 5. Qa4 b5 6. cxb5 d5 7. bxc6 Qc7 8. Nb5 Qb6 9. e3 Nxc6 10. Be2 h6 11. Nh3 Bxh3 12. gxh3 Bc5 13. b4 Nxb4 14. Nc7+ Ke7 15. Nxa8 Rxa8 16. O-O Nd7 17. Kh1 Ne5 18.
Ba3 a5 19. Bxb4 Bxb4 20. a3 Bd6 21. Rab1 Qd8 22. Qd4 Bc7 23. Rb7 Qd6 24. Rc1 Rc8 25. Qc5 Qxc5 26. Rxc5 Kd6 27. Rbb5 Ke6 28. Rxd5 Nf3 29.
Bxf3 exf3 30. Rdc5 Kd7 31. Rb7 Kd6 32. d4 f5 33. h4 g5 34. hxg5 hxg5 35. Rxf5 g4 36.
Rc5 Kd7 37. e4 a4 38. e5 Ke6 39. Rcxc7 Rh8 40. Rg7 Rc8 41. Rgc7 Rh8 42. Rc5 Kf5 43.
Rb4 Rd8 44. d5 Kxe5 45. Rxa4 Kf5 46. d6+ Ke6 47. Rc1 Rxd6 48. Re4+ Kf5 49. Rce1 Rd2 50. Re5+ Kf4 51. Kg1 Rd4 52. Re8 Ra4 53. Rf8+ Kg5 54. Rfe8 Rxa3 55. R8e5+ Kf4 56. R1e4# 1-0

[Event "Late-Titled-Tuesday-Blitz-October-24-2023"]
[Site "Chess.com"]
[Date "2023.10.24"]
[Round "6"]
[White "chess94cu"]
[Black "GlavkonVVS"]
[Result "1-0"]
[WhiteElo "2648"]
[BlackElo "2521"]
[TimeControl "180+1"]
[EndTime "15:07:07 PDT"]
[Termination "chess94cu won by resignation"]

1. Nf3 Nf6 2. c4 c5 3. Nc3 Nc6 4. d4 cxd4 5. Nxd4 d6 6. g3 e6 7. Bg2 Bd7 8. O-O Be7 9. Ndb5 Qb8 10. Bf4 Ne5 11. b3 a6 12. Nd4 Qc7 13. Rc1 Rc8 14. Qd2 Ng6 15. Bg5 O-O 16. Rfd1 h6 17. Be3 Rfd8 18. h3 Qb8 19. a4 Be8 20. a5 d5 21.
cxd5 Bb4 22. dxe6 Qe5 23. exf7+ Bxf7 24. Qb2 Qxa5 25. Na4 Nd5 26. Rxc8 Rxc8 27. Bxd5 Bxd5 28.
Nf5 Bf8 29. Nb6 Be6 30. Nxc8 Qxf5 31. g4 Qb5 32. Nd6 Qxb3 33. Qxb3 Bxb3 34. Rb1 Bxd6 35. Rxb3 b5 36. Rd3 Be7 37. Rd7 a5 38. Rb7 b4 39.
f4 Bf6 40. Rb5 Ne7 41. Rxa5 b3 42. Rb5 b2 43. Bd2 Nd5 44. e3 Nc3 45. Bxc3 Bxc3 46. Kf2 Kf7 47. Ke2 g5 48. Kd3 Bf6 49. f5 Ke7 50.
Kc2 Kf7 51. Rb7+ Kf8 52. Rxb2 Bxb2 53. Kxb2 Ke7 54. Kc3 Kd6 55. Kd4 Ke7 56. e4 Kf6 57. e5+ Ke7 58. Kd5 1-0

[Event "Late-Titled-Tuesday-Blitz-October-24-2023"]
[Site "Chess.com"]
[Date "2023.10.24"]
[Round "6"]
[White "Arseniy_Nesterov"]
[Black "lukas_111111"]
[Result "0-1"]
[WhiteElo "2831"]
[BlackElo "2666"]
[TimeControl "180+1"]
[EndTime "15:07:11 PDT"]
[Termination "lukas_111111 won by resignation"]

1. d4 d6 2. c4 e5 3. d5 e4 4. Nc3 f5 5. h4 Nf6 6. Bf4 Be7 7. e3 O-O 8. Nge2 c6 9. Nd4 Bd7 10.
Be2 Na6 11. a3 Nc7 12. O-O c5 13. Nc2 Nfe8 14. h5 Bg5 15. Bh2 Qf6 16. a4 a6 17.
Ra3 Qh6 18. Rb3 Rb8 19. a5 Bf6 20. Ra3 Be5 21. Bxe5 dxe5 22. b4 cxb4 23. Nxb4 Nf6 24. c5 f4 25. exf4 exf4 26. Bc4 Kh8 27. d6 Nb5 28.
Bxb5 axb5 29. Re1 e3 30. f3 Nxh5 31. Ne2 Ng3 32. Nxg3 fxg3 33. Raxe3 Qh2+ 34. Kf1 Bh3 35. Ke2 Bxg2 36. Kd3 Qh5 37. Kc3 Bxf3 38. Qd4 g2 39. Re7 Qg6 40. Nd3 Bc6 41. Ne5 Qg3+ 42. Kb2 Rf2+ 43.
Ka1 g1=Q 44. Nf7+ Rxf7 45. Rxg1 Qa3+ 46. Kb1 Qb3+ 47. Kc1 Rxe7 48. dxe7 Qc4+ 49. Qxc4 bxc4 50. Rd1 Re8 51. Rd8 Kg8 0-1

[Event "Late-Titled-Tuesday-Blitz-October-24-2023"]
[Site "Chess.com"]
[Date "2023.10.24"]
[Round "6"]
[White "KNVB"]
[Black "Arash_Tahbaz"]
[Result "1-0"]
[WhiteElo "2675"]
[BlackElo "2869"]
[TimeControl "180+1"]
[EndTime "15:07:11 PDT"]
[Termination "KNVB won by checkmate"]

1. d4 g6 2. e4 Bg7 3. Nf3 d6 4. Nc3 Nf6 5. Be2 O-O 6. O-O Nbd7 7.
e5 Ne8 8. Bf4 c6 9. Qd2 Nb6 10. h3 Nc7 11. Rad1 f6 12. exd6 exd6 13. Ne4 d5 14. Nd6 Ne8 15. Nxe8 Rxe8 16. Bd3 Be6 17. Bh6 Nc4 18. Bxc4 dxc4 19. Bxg7 Kxg7 20. Rfe1 Qd6 21. c3 Bd5 22. Nh2 h5 23. Rxe8 Rxe8 24. Re1 Rxe1+ 25.
Qxe1 Bf7 26. Nf1 c5 27. dxc5 Qxc5 28. Qe3 Qb5 29. Qd2 Qa5 30. a3 Qc5 31. Ne3 Qe7 32.
Nc2 Qe4 33. Nd4 Bd5 34. f3 Qe5 35. Kf2 h4 36. Qe3 Qg3+ 37. Kf1 Bf7 38. Ne2 Qd6 39. Qd4 Qa6 40. Kf2 g5 41. f4 Qb5 42. fxg5 Qxg5 43. Qf4 Qh5 44. Qg4+ Qxg4 45. hxg4 Kg6 46. g3 Kg5 47. gxh4+ Kxg4 48. Ng3 Kxh4 49. Ne4 f5 50. Nd6 Be6 51. Nxb7 Kg4 52. Nc5 Bd5 53. a4 Kf4 54. a5 Ke5 55. Na4 Ke4 56. Nc5+ Ke5 57. Nd7+ Kd6 58. Nf6 Bc6 59. Ke3 Ke5 60. Nh5 f4+ 61.
Nxf4 Be4 62. Ne2 Bb7 63. Nd4 Kd5 64. Nc2 Kc5 65. Na3 Bc8 66. Kf4 Kd5 67. Ke3 Bd7 68.
Kf4 Be8 69. Nc2 Kc5 70. Nb4 Kb5 71. a6 Kc5 72. Ke5 Bb5 73. Ke4 Ba4 74. Ke5 Bd7 75. Kf6 Kd6 76. Kg5 Ke5 77. Kg6 Ke4 78. Kf6 Ke3 79. Ke7 Bb5 80. Kd6 Kd2 81. Kc5 Be8 82.
Nc6 Bf7 83. Nxa7 Kc2 84. Nb5 Kxb2 85. a7 Bd5 86. Nc7 Ba8 87. Kd4 Kb3 88. Nxa8 Ka4 89.
Nc7 Ka5 90. a8=Q+ Kb6 91. Qe4 Ka7 92. Qc2 Kb8 93. Nd5 Kc8 94. Ne3 Kd7 95. Nf1 Kc6 96. Qe2 Kb5 97. Qb2+ Ka4 98. Qb4# 1-0

[Event "Late-Titled-Tuesday-Blitz-October-24-2023"]
[Site "Chess.com"]
[Date "2023.10.24"]
[Round "6"]
[White "Mikedannnn"]
[Black "Fradi82"]
[Result "1-0"]
[WhiteElo "2563"]
[BlackElo "2343"]
[TimeControl "180+1"]
[EndTime "15:07:13 PDT"]
[Termination "Mikedannnn won on time"]

1. e4 Nf6 2. e5 Nd5 3. d4 d6 4. Nf3 Nb6 5. exd6 cxd6 6. c4 g6 7. Nc3 Bg7 8. Be3 O-O 9. Rc1 Bg4 10. Be2 Nc6 11. b3 d5 12. c5 Nc8 13. O-O e6 14. h3 Bxf3 15. Bxf3 N8e7 16. Ne2 Nf5 17. g4 Nxe3 18. fxe3 Qh4 19. Kg2 Rae8 20. Qe1 Qe7 21.
b4 a6 22. a4 e5 23. Bxd5 exd4 24. e4 Ne5 25. Qd2 d3 26. Ng1 Qh4 27. Rcd1 Bh6 28.
Qf2 Qxf2+ 29. Kxf2 Re7 30. Nf3 Nxf3 31. Kxf3 d2 32.
h4 Rd8 33. g5 Bg7 34. Rxd2 h6 35. Rc2 hxg5 36. hxg5 Be5 37. Kg4 Bb8 38. b5 axb5 39. axb5 Be5 40. Ra2 Rc7 41. Rc1 Rdc8 42. c6 bxc6 43.
bxc6 Kg7 44. Rf1 Bd6 45. Raf2 Rf8 46. Rh1 Be5 47. Rf3 Rd8 48. Rfh3 Rdc8 49. Rh7+ Kg8 50. R7h6 Kg7 51. Rh7+ Kg8 52. R7h3 Kg7 53. Rb1 Kg8 54. Rb7 Kg7 55. Rf3 1-0

[Event "Late-Titled-Tuesday-Blitz-October-24-2023"]
[Site "Chess.com"]
[Date "2023.10.24"]
[Round "6"]
[White "HanSchut"]
[Black "cthake"]
[Result "1-0"]
[WhiteElo "2308"]
[BlackElo "1937"]
[TimeControl "180+1"]
[EndTime "15:07:14 PDT"]
[Termination "HanSchut won by resignation"]

1. e4 c5 2. Nf3 Nc6 3. d4 cxd4 4. Nxd4 Nf6 5. Nc3 e5 6. Ndb5 d6 7. Nd5 Nxd5 8. exd5 Nb8 9. Qd3 a6 10. Qa3 Be7 11.
Bg5 f6 12. Bd2 O-O 13. Bb4 Bf5 14. Nxd6 a5 15. Bc5 b6 16. Nxf5 Bxc5 17. Qd3 Na6 18. c3 g6 19. Ng3 Qd6 20. Ne4 Qd7 21. O-O-O f5 22. Nxc5 Nxc5 23. Qb5 Qd6 24. Qc6 Rad8 25. Qxd6 Rxd6 26. f3 Rfd8 27. Bb5 Kg7 28. Bc6 e4 29.
Rhe1 Nd3+ 30. Rxd3 exd3 31. Re7+ Kh6 32. Kd2 a4 33.
Kxd3 Rxc6 34. c4 Rcd6 35. b4 axb3 36. axb3 R8d7 37. Re8 b5 38. Kd4 bxc4 39. bxc4 Rd8 40.
Re5 Kg7 41. c5 Ra6 42. d6 Ra2 43. Re7+ Kh6 44. Kd5 Rd2+ 45. Kc6 Rxg2 46. Kc7 Ra8 47. c6 Ra7+ 48. Kd8 Ra8+ 49. Kd7 Rc2 50. c7 g5 51. Re8 Rxe8 52. Kxe8 g4 53. fxg4 fxg4 54.
Kd7 Rc4 55. c8=Q Rxc8 56. Kxc8 Kg5 57. d7 h5 58. d8=Q+ Kf4 59. Qh4 Kf3 60. Qxh5 Kg2 61. Qh4 Kh1 62. Kd7 g3 63. hxg3+ Kg2 64. g4 Kf3 65. g5 1-0

[Event "Late-Titled-Tuesday-Blitz-October-24-2023"]
[Site "Chess.com"]
[Date "2023.10.24"]
[Round "6"]
[White "Road2GM3000"]
[Black "dennisodessa"]
[Result "1/2-1/2"]
[WhiteElo "2371"]
[BlackElo "2547"]
[TimeControl "180+1"]
[EndTime "15:07:16 PDT"]
[Termination "Game drawn by repetition"]

1. d4 Nf6 2. c4 e6 3. Nc3 Bb4 4.
Nf3 b6 5. Bg5 Bb7 6. e3 h6 7.
Bh4 g5 8. Bg3 Ne4 9. Qc2 d6 10.
Bd3 f5 11. d5 Bxc3+ 12. bxc3 exd5 13. cxd5 Bxd5 14. Nd4 Qf6 15. f3 Nxg3 16. hxg3 f4 17. gxf4 gxf4 18. Be4 c6 19. Bxd5 cxd5 20. exf4 Qxf4 21.
Qg6+ Qf7 22. Qxd6 Qe7+ 23. Qxe7+ Kxe7 24. Rxh6 Rxh6 25. Nf5+ Kd7 26. Nxh6 Na6 27. Kd2 Rh8 28. Nf5 Rh2 29. Rg1 Nc5 30. Ke3 Ne6 31. g4 Rxa2 32. g5 Ra3 33. Kd3 b5 34. Nd4 b4 35. Nxe6 Rxc3+ 36.
Kd4 Kxe6 37. g6 Rc8 38. Ra1 Rg8 39. Rxa7 Rxg6 40. Rb7 Rg3 41. Ke3 d4+ 42. Kf4 Rg1 43. Rxb4 Rd1 44. Ke4 Kf6 45. Rb6+ Kf7 46. f4 d3 47. Kf5 d2 48. Rb7+ Ke8 49. Rb8+ Ke7 50. Rb7+ Ke8 51. Rb2 Ke7 52. Ra2 Kf7 53. Ra7+ Ke8 54.
Ra2 Ke7 55. Rb2 Ke8 56. Rc2 Kf7 57. Ra2 Ke7 58. Ra7+ Ke8 59. Ra2 Ke7 1/2-1/2

[Event "Late-Titled-Tuesday-Blitz-October-24-2023"]
[Site "Chess.com"]
[Date "2023.10.24"]
[Round "6"]
[White "DefiantChair"]
[Black "whitemirrorninja"]
[Result "0-1"]
[WhiteElo "2674"]
[BlackElo "2576"]
[TimeControl "180+1"]
[EndTime "15:07:18 PDT"]
[Termination "whitemirrorninja won by resignation"]

1. e4 c5 2. Nf3 a6 3. c4 Nc6 4. d4 cxd4 5. Nxd4 e5 6. Nf5 Nf6 7. Nc3 Bc5 8. Be3 Bxe3 9. Nxe3 d6 10. Be2 Be6 11. O-O O-O 12. b3 Qa5 13. Rc1 Rfd8 14.
a4 Rac8 15. Qd2 Qb4 16. Rfd1 Nd4 17. Bf1 a5 18. Rb1 h5 19. Nc2 Nxc2 20. Qxc2 h4 21. Qd3 Qb6 22. h3 Nh5 23. Ne2 g6 24. Qf3 Rf8 25. Qe3 Qxe3 26. fxe3 Nf6 27. Nc3 Rfd8 28. Be2 Kg7 29. Rd2 Rc6 30. Rbd1 Kf8 31. Bf3 Ke7 32. Kf2 Nd7 33. Rb1 Rb6 34. Nb5 Nc5 35. Ke2 f5 36. exf5 gxf5 37. Kf2 Rg8 38. Bd1 Ne4+ 39.
Ke1 Nxd2 40. Kxd2 Rxg2+ 41. Kc3 Rg3 42. Bc2 Rxe3+ 43. Kb2 f4 44. Rg1 Rg3 45. Rf1 Bxh3 46. Rf2 Rg2 47. Rf3 Rg3 48. Rf2 Bg4 49. Nc3 Rc6 50.
Nd5+ Ke6 51. Be4 Rc8 52. Rh2 h3 53. b4 axb4 54. a5 Rxc4 55. Bh1 Rd4 56. Nc7+ Kd7 57. Nb5 f3 58. Nxd4 exd4 59. Kb3 Rg2 60. Bxg2 fxg2 0-1

[Event "Late-Titled-Tuesday-Blitz-October-24-2023"]
[Site "Chess.com"]
[Date "2023.10.24"]
[Round "6"]
[White "GoltsevDmitry2000"]
[Black "Ykow"]
[Result "0-1"]
[WhiteElo "2633"]
[BlackElo "2541"]
[TimeControl "180+1"]
[EndTime "15:07:21 PDT"]
[Termination "Ykow won on time"]

1. e4 c5 2. Nf3 d6 3. d4 cxd4 4. Nxd4 Nf6 5. Nc3 e5 6. Nb3 Be6 7. Be3 Be7 8. Be2 O-O 9. O-O a5 10. Nd5 Bxd5 11. exd5 a4 12. Nc1 Nfd7 13. a3 f5 14. f4 Na6 15. c4 Nac5 16. Nd3 Nxd3 17. Bxd3 e4 18. Be2 Bf6 19. Qd2 Qc7 20. Rfc1 Nc5 21.
Bd1 Nd3 22. Rc2 Rfc8 23. Be2 Nc5 24. Rf1 Nb3 25. Qd1 b5 26. c5 dxc5 27. Bxb5 Nd4 28. Bxd4 Bxd4+ 29. Kh1 Qd6 30. Qe2 Rcb8 31. Rd1 g6 32. g3 Kg7 33. Bc4 h6 34. Rf1 Ra7 35. g4 Qf6 36. d6 Rd8 37. gxf5 Qxf5 38. Qg2 Rxd6 39. Re2 Re7 40. Bb5 e3 41. Bxa4 Rf6 42.
Bc2 Qh5 43. f5 g5 44. Bb3 Rb6 45. Bc4 Qe8 46. Qd5 Re5 47. Qf3 Rf6 48. b4 Rexf5 49. Qb7+ Kh8 50. Rxf5 Rxf5 51. Bd3 Rf7 52. Qd5 Qf8 53. Re1 Rf2 54. Qe4 Qf7 55. bxc5 Bxc5 56. Rb1 Qf3+ 57. Qxf3 Rxf3 58. a4 Rf2 59. a5 Rd2 60.
Bc4 e2 61. Bb3 Bf2 62. a6 Rb2 63. a7 Rxb1+ 64. Kg2 Bxa7 65. Bd1 e1=Q 66. Be2 Qf2+ 67. Kh3 h5 0-1

[Event "Late-Titled-Tuesday-Blitz-October-24-2023"]
[Site "Chess.com"]
[Date "2023.10.24"]
[Round "6"]
[White "Mikhal867"]
[Black "Chempiblinka"]
[Result "1-0"]
[WhiteElo "2439"]
[BlackElo "2320"]
[TimeControl "180+1"]
[EndTime "15:07:21 PDT"]
[Termination "Mikhal867 won on time"]

1. d4 Nf6 2. c4 g6 3. f3 Bg7 4. e4 d6 5. Nc3 O-O 6. Be3 c5 7. Nge2 Nc6 8. d5 Na5 9. Ng3 e6 10. Be2 exd5 11. cxd5 a6 12. a4 Bd7 13. O-O Re8 14. Ra3 Rb8 15. Qd2 b5 16. axb5 axb5 17.
Nxb5 Bxb5 18. Qxa5 Bxe2 19. Qxd8 Rexd8 20. Nxe2 Rxb2 21. Nc3 Nd7 22. Bf4 Ne5 23. Rb1 Rxb1+ 24. Nxb1 Nc4 25. Rb3 Bd4+ 26. Kf1 Ra8 27. Nd2 Ra1+ 28. Ke2 Nxd2 29. Bxd2 Kg7 30. Bf4 c4 31. Rb7 Ra2+ 32. Kd1 c3 33. Rc7 Bc5 34. Rxc5 dxc5 35. Be5+ f6 36. Bxc3 Rxg2 37. f4 Kf7 38. e5 fxe5 39. fxe5 Rxh2 40. Ba5 c4 41. e6+ Ke7 42. Bb4+ Ke8 43. d6 Rh1+ 44.
Kd2 Rh2+ 45. Kd1 Rh1+ 46. Ke2 Rb1 47. d7+ Kd8 48. Ba5+ Ke7 49. d8=Q+ Kxe6 50. Qe8+ Kd5 51. Qd7+ Kc5 52. Qe7+ Kd5 53. Bc3 Rb3 54. Qe5+ Kc6 55.
Qd4 Kb5 56. Qd5+ Kb6 57. Qxc4 Rb5 58. Bd4+ Ka5 59. Kf3 Rb4 60. Bc3 1-0

[Event "Late-Titled-Tuesday-Blitz-October-24-2023"]
[Site "Chess.com"]
[Date "2023.10.24"]
[Round "6"]
[White "dianamirza"]
[Black "Mbneu"]
[Result "1-0"]
[WhiteElo "2022"]
[BlackElo "2235"]
[TimeControl "180+1"]
[EndTime "15:07:22 PDT"]
[Termination "dianamirza won on time"]

1. e4 e5 2. Nf3 Nc6 3. Nc3 d6 4. g3 Bd7 5. Bg2 Qc8 6. O-O Bh3 7. d4 Bxg2 8. Kxg2 exd4 9. Nxd4 Nxd4 10. Qxd4 Ne7 11.
Nd5 Nc6 12. Qa4 h5 13. Bg5 f6 14. Be3 h4 15. Rh1 h3+ 16. Kg1 Qg4 17. Nxc7+ Kd7 18.
Kf1 Kxc7 19. b4 Qxe4 20. Rg1 Qxb4 21. Qxb4 Nxb4 22. Rb1 Nc6 23. Ke2 Re8 24. Rgd1 Rh5 25. Kf3 Ra5 26. Rb2 g5 27. Kg4 f5+ 28. Kxg5 Bg7 29.
Rb3 Re4 30. Bf4 Be5 31. Kxf5 Re2 32. Kg4 Bxf4 33. gxf4 Rxf2 34. Rxh3 Rxc2 35. Rh7+ Kb6 36. Rxd6 Ka6 37. Rdd7 Rb2 38. h4 Raxa2 39. h5 Rg2+ 40. Kf5 Ra5+ 41. Ke6 Re2+ 42. Kf6 Rb5 43. f5 Ne5 44. Rde7 Ng4+ 45. Kg5 Rxe7 46. Rxe7 Ne5 47. h6 Nc6 48. Re6 Rb1 49. h7 Rg1+ 50.
Kf6 Rh1 51. Kg7 Kb5 52. Rh6 Rg1+ 53. Rg6 Rh1 54. Rh6 Rg1+ 55. Kf8 Ne5 56. h8=Q Nd7+ 57. Ke7 Nc5 58. Qb2+ Kc4 59. Qe2+ Kb4 60. Rh4+ Ka5 61. Qf2 1-0

[Event "Late-Titled-Tuesday-Blitz-October-24-2023"]
[Site "Chess.com"]
[Date "2023.10.24"]
[Round "6"]
[White "Dacean99"]
[Black "Nick12772"]
[Result "1-0"]
[WhiteElo "2584"]
[BlackElo "2375"]
[TimeControl "180+1"]
[EndTime "15:07:23 PDT"]
[Termination "Dacean99 won by checkmate"]

1. c4 Nf6 2. g3 c6 3. Bg2 d5 4.
cxd5 cxd5 5. Nf3 g6 6. O-O Bg7 7. d4 O-O 8. Nc3 Ne4 9. Be3 Nxc3 10. bxc3 Nc6 11. Rb1 b6 12. Qa4 Na5 13. Ne5 Bd7 14.
Qxd7 Bxe5 15. Qxd8 Rfxd8 16. dxe5 Rac8 17. Bd4 Nc4 18. Rfd1 e6 19. e4 dxe4 20. Bxe4 h5 21. Kg2 Na3 22.
Rbc1 Nc4 23. Be3 Nxe3+ 24. fxe3 Rxd1 25. Rxd1 Rxc3 26. Kf3 Ra3 27. Rd2 Ra5 28. Kf4 Kg7 29. h4 Ra4 30. Rc2 b5 31. Kf3 b4 32. Bd3 Ra5 33.
Ke4 Ra4 34. Bc4 Ra3 35. Bb3 a5 36. Rc7 Kf8 37. Rc8+ Ke7 38. Rb8 a4 39. Bc4 b3 40.
axb3 axb3 41. Rxb3 Ra4 42. Kd3 Ra5 43. Kd4 Kf8 44.
Rb7 Ra1 45. Ke4 Rg1 46. Kf3 Rc1 47. Bd3 Rd1 48. Be2 Rg1 49. Kf4 Re1 50. Bf3 Rf1 51. Rc7 Rf2 52. g4 hxg4 53. Kxg4 Rf1 54. Be4 Re1 55.
Kf4 Rf1+ 56. Kg5 Kg7 57. Kg4 Re1 58. Kf4 Rf1+ 59. Bf3 Re1 60. h5 Rg1 61. h6+ Kxh6 62. Rxf7 g5+ 63. Ke4 g4 64. Be2 g3 65. Rf3 Kg5 66.
Rf8 Re1 67. Bf3 Rc1 68. Rg8+ Kh4 69. Kd3 Rg1 70. Be2 g2 71. Ke4 Kh3 72. Bf3 Kh2 73. Kf4 Rf1 74. Rh8+ Kg1 75. Rg8 Rxf3+ 76. Kxf3 Kf1 77. Kf4 g1=Q 78. Rxg1+ Kxg1 79. Kg5 Kf2 80. Kf6 Kxe3 81. Kxe6 Kf4 82. Kd6 Kg5 83. e6 Kf6 84. e7 Kf7 85. Kd7 Kg6 86. e8=Q+ Kf5 87. Qe6+ Kf4 88. Kd6 Kf3 89. Ke5 Ke3 90. Qb3+ Kf2 91. Kf4 Ke2 92. Qe3+ Kd1 93. Qf2 Kc1 94. Ke3 Kb1 95. Kd3 Ka1 96. Kc3 Kb1 97. Qg2 Ka1 98. Kb3 Kb1 99. Qf1# 1-0

[Event "Late-Titled-Tuesday-Blitz-October-24-2023"]
[Site "Chess.com"]
[Date "2023.10.24"]
[Round "6"]
[White "OK97"]
[Black "biostatistician"]
[Result "1-0"]
[WhiteElo "2755"]
[BlackElo "2588"]
[TimeControl "180+1"]
[EndTime "15:07:25 PDT"]
[Termination "OK97 won on time"]

1. d4 Nf6 2. Nf3 d5 3. e3 c5 4. Bb5+ Bd7 5. Be2 Nc6 6. O-O Bg4 7. h3 Bh5 8. c3 e6 9. Nbd2 Bd6 10. dxc5 Bxc5 11. b4 Bd6 12. Bb2 O-O 13. a3 Bxf3 14. Nxf3 Ne5 15. Qb3 Rc8 16. Nd2 Qc7 17. Rac1 Nc4 18.
Nxc4 dxc4 19. Qc2 b5 20. a4 a6 21. Rfd1 Rfd8 22. Bf3 Be7 23. Ra1 Rxd1+ 24. Bxd1 Rd8 25.
axb5 axb5 26. Bf3 g6 27. g3 Kg7 28. Kg2 Rd6 29. e4 e5 30. Bc1 Qd7 31. Be3 Rd3 32.
Ra7 Qd8 33. Qc1 Rd7 34. Bh6+ Kg8 35. Ra5 Rb7 36. Qa1 Bf8 37. Bg5 Kg7 38. Ra8 Rb8 39. Ra7 h6 40. Be3 Qd3 41. Rc7 Rd8 42. Qa7 Rd7 43.
Rxd7 Qxd7 44. Qb6 Be7 45. h4 Bd8 46. Qc5 Qe8 47. Qc8 Qd7 48. Qc5 Qe8 49. Qa7 Qd7 50. Qa8 Be7 51. Bc5 Bxc5 52. bxc5 Qc7 53. c6 h5 54. Kf1 Qd6 55. Kg1 Qc7 56. Bg2 b4 57. cxb4 c3 58. Qa6 Qd6 59. Qc4 1-0

[Event "Late-Titled-Tuesday-Blitz-October-24-2023"]
[Site "Chess.com"]
[Date "2023.10.24"]
[Round "6"]
[White "The_Princess_Moon"]
[Black "Mariia89"]
[Result "1/2-1/2"]
[WhiteElo "2346"]
[BlackElo "2194"]
[TimeControl "180+1"]
[EndTime "15:07:33 PDT"]
[Termination "Game drawn by stalemate"]

1. e4 c6 2. Nf3 d5 3. exd5 cxd5 4.
d4 Nf6 5. h3 Bf5 6. c3 Nc6 7. Bd3 Bxd3 8. Qxd3 e6 9. Bg5 Be7 10. O-O h6 11. Bh4 O-O 12. Nbd2 a6 13. Rfe1 b5 14. Ne5 Rc8 15. Ndf3 Ne4 16. Bxe7 Nxe7 17.
a4 Nd6 18. axb5 axb5 19. Ra7 Nc4 20. Qe2 Nf5 21. Rea1 Nfd6 22. Nxc4 bxc4 23. Ne5 Ne4 24. Qf3 Rc7 25. R7a6 Qc8 26. R1a2 Qb7 27. Ra7 Qxa7 28. Rxa7 Rxa7 29. h4 Ra1+ 30. Kh2 Rf1 31. Ng4 h5 32. Qe2 Rb1 33. Ne5 g6 34. Nxc4 Nxf2 35. Qxf2 dxc4 36.
Qe2 Rb8 37. Qxc4 R1xb2 38. d5 exd5 39. Qxd5 Re2 40. c4 Rbb2 41. Qd8+ Kg7 42. Qd4+ Kg8 43. Qd8+ Kh7 44. Qd5 Kg7 45. c5 Rbc2 46. Qd4+ Kh7 47. Qd5 Kg7 48. Qd4+ Kh7 49. Kh3 Rxg2 50. Qd6 Rgf2 51.
Qd3 Rfd2 52. Qf3 Kg7 53. Qe3 Re2 54. Qd4+ Kg8 55. c6 Red2 56. Qd8+ Rxd8 57. c7 Rc8 58. Kg3 R8xc7 59. Kf4 R7c4+ 60. Kg5 Kg7 1/2-1/2

[Event "Late-Titled-Tuesday-Blitz-October-24-2023"]
[Site "Chess.com"]
[Date "2023.10.24"]
[Round "6"]
[White "GianmarcoVaR"]
[Black "serefra99"]
[Result "0-1"]
[WhiteElo "2666"]
[BlackElo "2416"]
[TimeControl "180+1"]
[EndTime "15:07:35 PDT"]
[Termination "serefra99 won by resignation"]

1. e4 c6 2. d4 d5 3. exd5 cxd5 4.
Bd3 Nc6 5. c3 Qc7 6. h3 g6 7.
Qc2 Bg7 8. Nf3 Nf6 9. O-O O-O 10. Re1 Be6 11. Nbd2 Rac8 12. a3 Qd7 13. Nf1 Bf5 14.
Bxf5 Qxf5 15. Qe2 Rfe8 16. Ng3 Qd7 17. Ne5 Qe6 18. Nd3 Qxe2 19. Rxe2 Nd7 20. Bf4 e6 21. Nf1 Na5 22. g4 Nc4 23. Ng3 Bf8 24. Kg2 Bd6 25. Bxd6 Nxd6 26. h4 Kg7 27. Rh1 h6 28.
Rhe1 b5 29. f4 Nf6 30. Nf2 h5 31. g5 Nd7 32. Nd3 a5 33. Kf3 Rc4 34. Nf1 Nf5 35. Rh2 Rec8 36. Nd2 R4c6 37. Nb3 Ra8 38. Nd2 Kf8 39.
Nf1 Ke7 40. Ne3 Nxe3 41. Rxe3 Kd6 42. Ke2 Rc7 43. Kd2 Nb6 44. Ree2 Nc4+ 45. Kc2 Rb8 46. Kb1 Ke7 47. Ka2 Nd6 48. Rh1 Nf5 49. Ree1 Kd6 50.
Rh3 Ra7 51. Kb1 Rab7 52. Kc1 Rc7 53. Kd1 Rc4 54. Ke2 b4 55. axb4 axb4 56. Nxb4 Nxd4+ 57. Kf2 Nf5 58. Nd3 Ra4 59. Rh2 Ra2 60. Kf3 Ra4 61. Ree2 Rc8 62. Ne5 Rc7 63. Rd2 Ke7 64. Rd3 Rb7 65. Rdd2 Ra2 66. Nd3 Ra4 67. Nf2 Rc7 68. Nh1 Rcc4 69. Rd4 Rxd4 70. cxd4 Rxd4 71. Rc2 Rb4 72. Ng3 Nd4+ 73. Kf2 Nxc2 74. f5 exf5 0-1